 Dungeon Crawl Stone Soup version 0.18.1-48-g4cf74bf (webtiles) character file.

124 poirepourri the Digger (level 5, -4/28 HPs)
             Began as a Gargoyle Earth Elementalist on July 7, 2016.
             Slain by Sigmund
             ... wielding a +0 scythe
              (5 damage)
             ... on level 3 of the Dungeon.
             The game lasted 00:04:57 (2252 turns).

poirepourri the Digger (GrEE)                       Turns: 2252, Time: 00:04:58

Health: -4/28      AC:  7    Str: 17    XL:     5   Next: 8%
Magic:  9/10       EV: 17    Int: 16    God:
Gold:   94         SH:  0    Dex: 15    Spells: 3 memorised, 5 levels left

rFire  . . .     SeeInvis .     e - +0 flail
rCold  . . .     Gourm    .     a - +0 robe
rNeg   + . .     Faith    .     (no shield)
rPois  ∞         Spirit   .     (no helmet)
rElec  +         Dismiss  .     (no cloak)
rCorr  .         Reflect  .     h - +0 pair of gloves
SustAt .         Harm     .     (no boots)
MR     .....                    (no amulet)
Stlth  +++.......               (no ring)
                                (no ring)

@: mighty, agile, not resistant to hostile enchantments, fairly stealthy
A: negative energy resistance 1, electricity resistance, unbreathing,
petrification resistance, rot immunity, AC +4
a: no special abilities


You were on level 3 of the Dungeon.
You were not hungry.

You visited 1 branch of the dungeon, and saw 3 of its levels.

You collected 94 gold pieces.

Inventory:

Hand Weapons
 e - a +0 flail (weapon)
Missiles
 b - 97 stones (quivered)
Armour
 a - a +0 robe (worn)
 h - a +0 pair of gloves (worn)
 i - a +0 buckler
Scrolls
 k - a scroll of remove curse {unknown}
 l - a scroll of random uselessness {unknown}
Books
 c - a book of Geomancy

   Spells                             Type                      Level
   a - Sandblast                      Earth                        1
   b - Passwall                       Transmutation/Earth          2
   c - Stone Arrow                    Conjuration/Earth            3
   d - Petrify                        Transmutation/Earth          4
   e - Lee's Rapid Deconstruction     Earth                        5
Comestibles
 f - 2 meat rations
 g - 2 slices of pizza


   Skills:
 - Level 0.2 Fighting
 - Level 1.6 Dodging
 - Level 2.4 Stealth
 * Level 3.6 Spellcasting
 - Level 0.7 Transmutations
 + Level 5.0 Earth Magic


You had 5 spell levels left.
You knew the following spells:

 Your Spells              Type           Power        Failure   Level  Hunger
a - Sandblast             Erth           ###...       1%          1    None
b - Passwall              Trmt/Erth      ##........   10%         2    ##.....
c - Stone Arrow           Conj/Erth      ##....       21%         3    ###....


Dungeon Overview and Level Annotations

Branches:
Dungeon (3/15)

Altars:
Dithmenos
Kikubaaqudgha

Annotations:
D:3 Sigmund


Innate Abilities, Weirdness & Mutations

You are resistant to torment.
Your stone body is resilient (AC +4).
You are immune to poison.
You resist negative energy.
You are resistant to electric shocks.
You can survive without breathing.
You are immune to petrification.
You are immune to rotting.


Message History

You're too confused to cast spells.
You bump into the rock wall.
Something hits you!
* * * LOW HITPOINT WARNING * * *
You feel less confused.
Casting: Sandblast
Confirm with . or Enter, or press ? or * to list all spells.
You don't know that spell.
Drink which item? (? for menu, Esc to quit)
You feel better. Something hits you.
* * * LOW HITPOINT WARNING * * *
Casting: Sandblast
Confirm with . or Enter, or press ? or * to list all spells.
You don't know that spell.
You closely miss something. Something barely misses you.
You miss something. Something hits you.
* * * LOW HITPOINT WARNING * * *
You barely miss something.
Sigmund appears from thin air!
Reactivating autopickup.
Sigmund hits you with a scythe.
You die...

### ..# #.# #.# ...# #.#
...# ###.#####...#
#........... ...
#.#.#.....### # .#.
#.#@#.......#.. ..
...###.#@#........## #.#
#.##...#.#...^...... #.#
#.#.###...........# #.#
#.#.###.....≈....%# #.#
#.#.....≈.≈≈≈≈≈.....
#.##
##.####.≈≈#≈#≈####.#.
...#####...#...≈≈≈≈≈≈≈≈
..
.#.......#.....########≈
.


You could see Sigmund.

Vanquished Creatures
  4 gnolls (D:2)
  3 adders
  An ooze (D:2)
  A worm (D:2)
  2 dart slugs
  4 giant geckos
  8 bats
  A giant cockroach (D:1)
  4 goblins
  10 hobgoblins
  A kobold (D:1)
  3 rats
  2 rat zombies (D:2)
44 creatures vanquished.

Notes
Turn   | Place    | Note
--------------------------------------------------------------
     0 | D:1      | poirepourri the Gargoyle Earth Elementalist began the quest for the Orb.
     0 | D:1      | Reached XP level 1. HP: 10/10 MP: 3/3
    92 | D:1      | Reached XP level 2. HP: 13/15 MP: 0/5
   182 | D:1      | Learned a level 2 spell: Passwall
   332 | D:1      | Reached skill level 4 in Earth Magic
   944 | D:2      | Reached XP level 3. HP: 18/19 MP: 0/6
  1407 | D:2      | Learned a level 3 spell: Stone Arrow
  1427 | D:2      | Reached XP level 4. HP: 24/24 MP: 5/8
  1428 | D:2      | Found a shadowy altar of Dithmenos.
  1800 | D:2      | Found an ancient bone altar of Kikubaaqudgha.
  1840 | D:2      | Reached skill level 5 in Earth Magic
  1861 | D:2      | Reached XP level 5. HP: 28/28 MP: 0/10
  2202 | D:3      | Noticed Sigmund
  2251 | D:3      | HP: 1/28 [something (6)]
  2252 | D:3      | Slain by Sigmund

Skill      XL: |  1  2  3  4 |
---------------+-------------+-----
Earth Magic    | 4 5 |  5.0
Spellcasting   | 3 |  3.6
Fighting       | |  0.2
Dodging        | |  1.6
Stealth        | |  2.4
Transmutations | |  0.7

Action                   |  1- 3 |  4- 6 || total
-------------------------+-------+-------++-------
Melee: Flail             |       |    10 ||    10
 Cast: Sandblast         |    46 |    34 ||    80
       Stone Arrow       |       |     3 ||     3
  Use: Scroll            |     1 |     3 ||     4
       Potion            |       |     6 ||     6
  Eat: Bread ration      |     1 |     1 ||     2
Armor: Robe              |    15 |     6 ||    21
Dodge: Dodged            |    28 |    25 ||    53
